Map: Thunderbird LE

Players

SpeCial

  • Race: Terran Terran
  • Spawn Location: 5:00

soO - Winner!

  • Race: Zerg Zerg
  • Spawn Location: 11:00

Event: 2019 WCS Global FInals

VOD

Have the link to the VOD?

Description

Time

  • Played on: Oct. 24, 2019, 2:07 a.m.
  • Length: 7:14

All games in this series

Show
View Real Time Build Order
Export as new Build Order

SpeCial Terran 

Build Orders: Command Center First (CC), Mech 

Get SALT Encoding   

  12  0:00  SCV  
  13  0:12  SCV  
  14  0:16  Supply Depot  
  14  0:24  SCV  
  15  0:38  SCV  
  16  0:50  SCV  
  17  0:59  Command Center  
  17  1:02  SCV  
  18  1:12  Barracks  
  18  1:15  SCV  
  19  1:20  Refinery  
  19  1:27  SCV  
  21  1:40  SCV  
  21  1:52  SCV  
  22  1:59  Marine  
  23  2:04  Orbital Command  
  23  2:11  Orbital Command  
  23  2:17  Marine  
  23  2:20  Factory  
  24  2:30  SCV  
  24  2:35  Command Center  
  25  2:37  SCV  
  25  2:40  Barracks Reactor  
  25  2:42  SCV  
  27  2:46  Refinery  
  27  2:49  SCV  
  28  2:55  SCV  
  29  3:01  SCV  
  30  3:07  SCV  
  30  3:10  Supply Depot  
  31  3:12  Refinery  
  31  3:13  SCV  
  31  3:16  Starport  
  31  3:19  SCV  
  33  3:21  Hellion x2, Marine  
  38  3:32  SCV x2  
  38  3:41  Bunker  
  38  3:44  Hellion x2, SCV x2  
  44  3:54  Fusion Core  
  45  3:56  SCV  
  45  3:59  Orbital Command  
  45  4:02  SCV  
  46  4:06  Starport Tech Lab  
  46  4:08  SCV  
  47  4:14  SCV  
  47  4:15  Hellion  
  50  4:18  Hellion  
  50  4:21  SCV  
  53  4:26  SCV  
  53  4:29  Orbital Command  
  54  4:33  SCV  
  55  4:38  SCV  
  55  4:39  Supply Depot  
  55  4:42  Supply Depot  
  55  4:45  SCV  
  57  4:49  Battlecruiser  
  57  4:50  SCV  
  57  4:52  Armory  
  64  4:53  Refinery  
  64  4:55  SCV  
  64  4:57  Hellion, SCV  
  68  5:01  Hellion  
  68  5:03  SCV  
  68  5:06  Supply Depot  
  72  5:07  SCV  
  72  5:09  SCV  
  72  5:14  Barracks Tech Lab, Factory x2  
  73  5:15  SCV  
  73  5:19  SCV  
  75  5:21  SCV  
  75  5:23  Hellion x2  
  75  5:27  SCV  
  81  5:31  Supply Depot, SCV  
  81  5:34  SCV  
  83  5:39  SCV  
  83  5:42  Marine  
  83  5:49  Supply Depot  
  84  5:54  Supply Depot  
  68  6:04  Hellion  
  68  6:05  Hellion, Orbital Command x2  
  55  6:19  SCV  
  55  6:24  Marine  
  45  6:26  Hellion x2  
  45  6:31  SCV  
  38  6:33  Siege Tank  
  40  6:41  SCV  
  40  6:43  SCV  
  40  6:44  SCV  
  41  6:47  Hellion x2  
  41  6:53  SCV  
  45  6:55  SCV  
  45  6:57  SCV  
Show
View Real Time Build Order
Export as new Build Order

soO Zerg - Winner!

Build Orders: Hatch First 

Get SALT Encoding   

  12  0:00  Drone  
  13  0:12  Overlord  
  13  0:16  Drone  
  14  0:30  Drone x2  
  16  0:47  Hatchery  
  15  0:50  Drone  
  15  0:54  Drone  
  17  0:57  Drone  
  18  1:08  Extractor  
  17  1:13  Spawning Pool  
  17  1:16  Drone  
  17  1:19  Drone  
  18  1:28  Drone  
  19  1:38  Drone  
  20  1:48  Overlord  
  20  1:59  Queen x2  
  20  2:00  Zergling x4  
  26  2:08  Metabolic Boost  
  26  2:10  Drone x2  
  28  2:28  Hatchery  
  27  2:30  Drone  
  27  2:33  Drone  
  27  2:35  Drone  
  30  2:42  Queen  
  32  2:48  Overlord  
  32  2:50  Drone  
  33  2:53  Drone  
  33  2:55  Drone  
  36  2:58  Drone  
  36  3:07  Drone x2  
  36  3:09  Drone  
  36  3:10  Drone  
  36  3:11  Drone  
  41  3:18  Overlord, Queen  
  43  3:22  Drone  
  44  3:36  Drone x3  
  44  3:39  Drone  
  48  3:41  Roach Warren  
  48  3:44  Drone x2  
  48  3:50  Drone  
  48  3:51  Drone  
  48  3:53  Drone x2  
  48  3:55  Extractor x2  
  51  4:01  Zergling x4  
  51  4:03  Drone  
  51  4:06  Overlord  
  51  4:09  Overlord  
  52  4:14  Overlord x2  
  52  4:27  Overlord  
  52  4:28  Roach x6  
  64  4:32  Overlord  
  64  4:33  Roach x3  
  72  4:38  Roach  
  72  4:39  Overlord  
  72  4:44  Overlord  
  72  4:50  Overlord  
  72  4:51  Zergling x8  
  76  5:04  Zergling x6  
  76  5:05  Zergling x6  
  82  5:13  Zergling x6  
  82  5:14  Zergling x4  
  87  5:15  Zergling x6  
  87  5:17  Ravager x2  
  87  5:20  Ravager x3  
  95  5:23  Ravager  
  95  5:24  Zergling x6  
  99  5:30  Ravager  
  100  5:56  Zergling x8  
  99  6:07  Zergling x4  
  99  6:08  Zergling x2  
  86  6:11  Zergling x2  
  86  6:14  Zergling x2  
  86  6:17  Zergling x2  
  86  6:18  Zergling x4  
  82  6:19  Zergling x4  
  82  6:20  Queen x2  
  82  6:22  Zergling x4  
  82  6:24  Zergling x2  
  82  6:25  Zergling x2  
  78  6:27  Zergling x2  
  78  6:33  Roach x3  
  78  6:34  Drone, Queen  
  82  6:40  Drone x2  
  82  6:45  Drone  
  81  6:52  Roach x4  
  81  6:53  Drone x2  
  90  6:54  Spore Crawler, Drone  
  90  6:55  Drone x2  
Tags
 
Add a new tag
Caveats
  • Supply blocks, unpowered buildings, or Contaminate may cause inaccurate times.
  • Supply counts are checked every 10 seconds.